 Dungeon Crawl Stone Soup version 0.24.0-13-gcf9b3192b9 (webtiles) character file.

Game seed: 2456948139014935690, levelgen mode: deterministic

152 Aelig the Slasher (level 5, 0/35 HPs)
             Began as a Halfling Abyssal Knight on Nov 10, 2019.
             Was a Believer of Lugonu.
             Killed from afar by a white imp (7 damage)
             ... with a puff of frost
             ... summoned by Natasha
             ... on level 3 of the Dungeon.
             The game lasted 00:05:05 (2737 turns).

Aelig the Slasher (Halfling Abyssal Knight)         Turns: 2737, Time: 00:05:08

Health: 0/35       AC:  4    Str: 12 (13) XL:     5   Next: 60%
Magic:  6/6        EV: 13    Int: 10      God:    Lugonu [**....]
Gold:   168        SH:  0    Dex: 15      Spells: 4/4 levels left

rFire    . . .     SeeInvis .   b - +1 dagger (elec)
rCold    . . .     Gourm    .   (shield restricted)
rNeg     . . .     Faith    .   t - +0 leather armour
rPois    .         Spirit   .   w - +0 helmet
rElec    .         Reflect  .   (no cloak)
rCorr    .         Harm     .   (no gloves)
MR       .....                  (no boots)
Stlth    +.........             (no amulet)
HPRegen  0.11/turn              (no ring)
MPRegen  0.10/turn              (no ring)

@: no status effects
A: small, mutation resistance 1
a: Depart the Abyss, Bend Space, Renounce Religion


You were on level 3 of the Dungeon.
You worshipped Lugonu.
Lugonu was pleased with you.
You were not hungry.

You visited 1 branch of the dungeon, and saw 3 of its levels.
You visited the Abyss 1 time.

You collected 168 gold pieces.

Inventory:

Hand Weapons
 a - a +1 falchion
 b - a +1 dagger of electrocution (weapon)
Missiles
 i - 19 poisoned darts
 m - 139 stones (quivered)
 n - 112 arrows
 r - 4 datura-tipped darts
 s - 4 boomerangs of dispersal
Armour
 t - a +0 leather armour (worn)
 w - a +0 helmet (worn)
Jewellery
 f - an uncursed ring of ice {unknown}
 q - an uncursed ring of poison resistance {unknown}
 v - a cursed ring of protection from fire {unknown}
Scrolls
 d - 2 scrolls of identify {unknown}
 e - 2 scrolls of amnesia {unknown}
 h - 4 scrolls of teleportation {unknown}
 o - a scroll of remove curse {unknown}
 u - a scroll of fog {unknown}
Potions
 g - 2 potions of curing
 j - a potion of cancellation {unknown}
 l - a potion of lignification {unknown}
 p - a potion of haste
Comestibles
 c - 4 rations
 k - 2 chunks of flesh


   Skills:
 - Level 2.6 Fighting
 + Level 1.8(4.2) Short Blades
 - Level 5.0(5.2) Long Blades
 - Level 2.1 Armour
 - Level 1.1 Dodging
 - Level 2.0 Invocations


You had 4 spell levels left.
You didn't know any spells.
Your spell library was empty.

Dungeon Overview and Level Annotations

Branches:
Dungeon (3/15)

Altars:
The Shining One
Lugonu

Annotations:
D:3 Natasha


Innate Abilities, Weirdness & Mutations

You are small and have problems with some larger weapons.
You are somewhat resistant to further mutation.


Message History

You hit Natasha.
Natasha is moderately wounded.
Natasha barely misses you. The white imp barely misses you.
You hit Natasha.
Natasha is heavily wounded.
Natasha closely misses you. The white imp completely misses you.
You barely miss Natasha.
Natasha is heavily wounded.
Natasha claws you!
You closely miss Natasha.
Natasha is heavily wounded.
The white imp gestures at you. The puff of frost hits you.
You closely miss Natasha.
Natasha is heavily wounded.
Natasha claws you.
* * * LOW HITPOINT WARNING * * *
The white imp gestures at you. The puff of frost hits you!
You die...

.r...... .......S ..... ...
... #.### ###. #...# . ...
#h## ...#..# #5@## ###.......
##..# ..##......## ##.#
#...#.#.#...# #.#
#.......###.### #.## ..##
#..#....# #..#
.#.###.#...##.# ##.##
#.#.#.#.#..##.# #..#########
##.#.#.##..##.#####.........#


You could see Natasha and a white imp.

Vanquished Creatures
  Jessica (D:2)
  Terence (D:2)
  Robin (D:2)
  An adder (D:3)
  A worm (D:3)
  2 dart slugs (D:1)
  3 leopard geckos
  An orc (D:3)
  2 ball pythons
  6 giant cockroaches
  14 goblins
  10 hobgoblins
  A quokka (D:2)
  5 bats
  7 frilled lizards
  5 kobolds
  6 rats
67 creatures vanquished.

Notes
Turn   | Place    | Note
-------+----------+-------------------------------------------
     0 | Abyss:1  | Aelig the Halfling Abyssal Knight began the quest for the
                  | Orb.
     0 | Abyss:1  | Reached XP level 1. HP: 15/15 MP: 2/2
     0 | D:1      | Escaped the Abyss
     3 | D:1      | Noticed a troll
     3 | D:1      | Noticed a merfolk
     5 | D:1      | Noticed a gargoyle
     7 | D:1      | Noticed a formicid
     9 | D:1      | Noticed a tengu
     9 | D:1      | Noticed a dwarf
    11 | D:1      | Noticed a vampire
    11 | D:1      | Noticed a human
    13 | D:1      | Noticed a centaur
    13 | D:1      | Noticed a naga
    15 | D:1      | Noticed an octopode
    17 | D:1      | Noticed a ghoul
    17 | D:1      | Noticed a minotaur
    19 | D:1      | Noticed a demonspawn
    22 | D:1      | Noticed a demigod
    22 | D:1      | Noticed a halfling
    24 | D:1      | Noticed a felid
    24 | D:1      | Noticed a spriggan
    26 | D:1      | Noticed an elf
    26 | D:1      | Noticed an ogre
    28 | D:1      | Noticed a vine stalker
    28 | D:1      | Noticed a draconian
    77 | D:1      | Reached XP level 2. HP: 10/20 MP: 3/3
   288 | D:1      | Reached skill level 3 in Long Blades
   290 | D:1      | Reached * piety under Lugonu
   579 | D:1      | Reached XP level 3. HP: 21/25 MP: 4/4
  1335 | D:2      | Found a glowing golden altar of the Shining One.
  1434 | D:2      | Noticed Terence
  1460 | D:2      | Killed Terence
  1460 | D:2      | Reached skill level 4 in Long Blades
  1460 | D:2      | Reached XP level 4. HP: 11/30 MP: 5/5
  2025 | D:3      | Noticed Robin
  2025 | D:3      | Noticed Natasha
  2115 | D:3      | Noticed Jessica
  2188 | D:2      | Killed Jessica
  2188 | D:2      | Reached skill level 5 in Long Blades
  2188 | D:2      | Reached XP level 5. HP: 18/35 MP: 6/6
  2391 | D:2      | Reached ** piety under Lugonu
  2400 | D:2      | Killed Robin
  2400 | D:2      | Reached skill level 1 in Short Blades
  2737 | D:3      | Killed from afar by a white imp

Levels and vault maps discovered:
D:1:      kb_arrival_jail, layout_loops_ring, dk_noncrumbling_4, minmay_vboxes
D:2:      layout_loops_ring, solitary_fountain, tso_altar, uniq_terence
D:3:      layout_rooms, minmay_circle_x, uniq_crazy_yiuf_cottage, uniq_robin,
          uniq_jessica, uniq_natasha, uniq_grinder

Skill      XL: |  1  2  3  4  5 |
---------------+----------------+-----
Long Blades    | 3 4 5 |  5.0
Short Blades   | 1 |  1.8
Fighting       | |  2.6
Armour         | |  2.1
Dodging        | |  1.1
Invocations    | |  2.0

Action                   |  1- 3 |  4- 6 || total
-------------------------+-------+-------++-------
Melee: Falchion          |   103 |    56 ||   159
       Dagger            |       |    54 ||    54
Invok: Depart the Abyss  |     1 |       ||     1
  Use: Potion            |     3 |       ||     3
 Stab: Sleeping          |     2 |       ||     2
  Eat: Chunk             |     2 |     4 ||     6
Armor: Leather armour    |    17 |    33 ||    50
Dodge: Dodged            |    66 |    74 ||   140
       Rpst.: Falchion   |    25 |     8 ||    33
